AoeStats
← gazza17

Pilgrims

516360493Analyzed
4v4 RM · 11d ago on Oct 25, 2026· 60m 16s· 8 players
Game mode
Random Map
Map size
Large (8 player)
Population
200
Speed
Normal
Resources
Standard
Victory
Conquest
Starting age
Dark Age
Ending age
Imperial Age
RankedLock teamsTeams togetherTeam positionsShared explorationLock speedFull tech treeHidden civsTurbo modeCheats
Victory
Defeat
🇺🇸 Ethiopians · United States
1064
+15
🇺🇸 Huns · United States
1033
+16
🇬🇧 Shu · United Kingdom
1029
+16
🇺🇸 Persians · United States
1029
+16
vs
🇩🇪 Huns · Germany
1070
-17
🇩🇪 Malians · Germany
1069
-17
🇩🇪 Varangians · Germany
1047
-16
🇩🇪 Bohemians · Germany
953
-13
HighKiX
5:10 Loom
11:49 Feudal Age
17:51 Castle Age
18:26 Elite Skirmisher
18:28 Pikeman
19:23 Fletching
19:34 Scale Mail Armor
20:42 Double-Bit Axe
24:19 Squires
25:24 Bodkin Arrow
28:14 Forging
28:56 Medium Warships
37:50 Imperial Age
36:15 Padded Archer Armor
37:39 Tigui
40:08 Leather Archer Armor
40:55 Thumb Ring
47:04 Ring Archer Armor
48:12 Chain Mail Armor
xitix
5:30 Loom
13:46 Feudal Age
20:55 Castle Age
19:28 Horse Collar
21:36 Forging
21:27 Scale Mail Armor
21:54 Pikeman
27:08 Padded Archer Armor
30:02 Double-Bit Axe
30:20 Heavy Plow
30:03 Fishing Lines
31:47 Town Watch
32:18 Bow Saw
34:11 Wheelbarrow
34:11 Fervor
34:18 Town Patrol
39:32 Imperial Age
37:56 Gillnets
38:20 Medium Warships
39:08 Hand Cart
41:14 Chemistry
41:15 Siege Engineers
44:09 Conscription
46:24 Caravan
47:33 Squires
47:19 Arson
51:12 Chain Mail Armor
51:33 Iron Casting
51:13 Leather Archer Armor
53:32 Two-Man Saw
52:41 Halberdier
56:08 Blast Furnace
55:44 Plate Mail Armor
55:05 Fletching
55:10 Elite Hussite Wagon
57:31 Hussite Reforms
57:32 Wagenburg Tactics
Cleaninger
12:57 Feudal Age
11:17 Loom
14:09 Double-Bit Axe
16:02 Fishing Lines
20:09 Castle Age
18:34 Fletching
20:34 Bloodlines
20:27 Padded Archer Armor
25:02 Ballistics
24:58 Bodkin Arrow
26:34 Gold Mining
29:20 Thumb Ring
31:29 Leather Archer Armor
36:09 Gillnets
37:26 Husbandry
44:41 Imperial Age
42:47 Wheelbarrow
43:21 Bow Saw
44:28 Gold Shaft Mining
44:48 Clinker Construction
44:52 Masonry
46:02 Parthian Tactics
45:45 Heavy Cavalry Archer
47:11 Parthian Tactics
47:52 Bracer
48:14 Conscription
52:41 Hand Cart
57:28 Chemistry
58:00 Caravan
BeRnDi
14:06 Feudal Age
12:22 Loom
16:54 Double-Bit Axe
23:23 Castle Age
21:40 Stone Mining
23:17 Fishing Lines
24:24 Bow Saw
24:53 Stone Shaft Mining
26:58 Gold Mining
28:20 Wheelbarrow
32:38 Careening
32:39 Clinker Construction
38:54 Imperial Age
38:57 Elite Longship
40:00 Dry Dock
40:01 Carvel Hull
42:27 Forging
42:23 Scale Barding Armor
42:22 Husbandry
42:33 Bloodlines
41:43 Cavalier
44:14 Iron Casting
43:15 Vendel Legacy
45:32 Chain Barding Armor
46:13 Blast Furnace
45:41 Conscription
55:48 Plate Barding Armor
Tiger333
5:15 Loom
15:53 Feudal Age
19:52 Castle Age
18:39 Horse Collar
18:56 Gold Mining
22:03 Wheelbarrow
21:26 Double-Bit Axe
23:59 Heavy Plow
24:13 Bow Saw
25:37 Hand Cart
28:06 Forging
29:38 Iron Casting
28:56 Fletching
31:25 Stone Mining
32:11 Gold Shaft Mining
31:46 Town Watch
32:09 Scale Barding Armor
32:05 Padded Archer Armor
32:36 Bloodlines
32:27 Husbandry
33:18 Stone Shaft Mining
32:21 Light Cavalry
35:22 Town Patrol
38:38 Imperial Age
36:33 Chain Barding Armor
36:08 Bodkin Arrow
36:29 Leather Archer Armor
36:19 Kamandaran
37:08 Crossbowman
38:35 Parthian Tactics
39:31 Crop Rotation
40:07 Two-Man Saw
40:00 Thumb Ring
40:32 Masonry
41:23 Chemistry
40:44 Ballistics
40:20 Murder Holes
40:59 Ring Archer Armor
41:31 Blast Furnace
41:16 Elite Skirmisher
42:21 Citadels
42:32 Conscription
45:41 Architecture
47:49 Plate Barding Armor
50:06 Heavy Camel Rider
50:07 Hussar
56:08 Elite War Elephant
Achilles333
13:12 Feudal Age
14:07 Double-Bit Axe
19:58 Gold Mining
20:56 Fletching
22:57 Fishing Lines
24:41 Loom
28:17 Castle Age
27:12 Stone Mining
30:03 Gold Shaft Mining
30:05 Stone Shaft Mining
29:42 Bow Saw
35:11 Imperial Age
32:26 Crossbowman
33:17 Padded Archer Armor
35:39 Wheelbarrow
37:39 Chemistry
36:59 Ballistics
37:36 Arbalester
39:14 Conscription
44:48 Bodkin Arrow
45:08 Leather Archer Armor
50:06 Bracer
53:32 Torsion Engines
56:00 Thumb Ring
gazza17
9:00 Loom
12:35 Feudal Age
14:19 Fishing Lines
16:01 Scale Barding Armor
16:07 Forging
16:44 Gold Mining
16:41 Double-Bit Axe
20:09 Castle Age
20:15 Padded Archer Armor
20:05 Fletching
21:26 Bow Saw
22:52 Horse Collar
24:57 Wheelbarrow
25:14 Bodkin Arrow
25:39 Stone Mining
25:14 Crossbowman
26:58 Ballistics
27:45 Thumb Ring
28:01 Leather Archer Armor
30:06 Hand Cart
30:57 Heavy Plow
30:45 Town Watch
31:48 Gold Shaft Mining
34:55 Heated Shot
35:17 Masonry
34:47 Treadmill Crane
35:21 Scale Mail Armor
39:09 Imperial Age
37:25 Chain Mail Armor
40:02 Bracer
40:33 Plate Mail Armor
40:34 Ring Archer Armor
40:53 Pikeman
41:34 Squires
41:57 Conscription
41:41 Bolt Magazine
41:42 Coiled Serpent Array
42:12 Elite White Feather Guard
45:46 Arbalester
47:27 Halberdier
50:21 Elite Skirmisher
56:50 Arson
Steppo
6:50 Loom
8:18 Loom
10:24 Feudal Age
11:30 Fishing Lines
12:06 Town Watch
17:43 Castle Age
16:27 Stone Mining
16:42 Fletching
20:02 Bodkin Arrow
21:28 Wheelbarrow
22:21 Marauders
24:54 Wheelbarrow
24:31 Horse Collar
24:45 Double-Bit Axe
27:13 Gold Mining
30:17 Forging
30:13 Scale Barding Armor
33:21 Imperial Age
31:06 Bloodlines
30:57 Husbandry
32:47 Iron Casting
39:52 Hand Cart
42:32 Heavy Plow
42:56 Bow Saw
43:32 Gold Shaft Mining
48:16 Caravan
51:15 Two-Man Saw
50:44 Chain Barding Armor
51:25 Blast Furnace
50:53 Conscription
51:22 Elite Tarkan
53:08 Plate Barding Armor
Connection lost

Rejoining the realm…

Still unreachable

The connection could not be restored.

Session expired

The server has moved on; the page needs a fresh start.